 Dungeon Crawl Stone Soup version 0.29-a0-997-gf6f7e2dfe7 (webtiles) character file.

Game seed: 2522128158385733220

476 zishaf the Trooper (level 7, -1/78 HPs)
             Began as an Ogre Chaos Knight on Aug 4, 2022.
             Was a Plaything of Xom.
             Slain by an orc wizard
             ... wielding a +4 mace of protection
              (5 damage)
             ... on level 5 of the Dungeon.
             The game lasted 00:04:38 (2667 turns).

zishaf the Trooper (Ogre Chaos Knight)              Turns: 2667, Time: 00:04:38

Health: -1/78      AC:  5    Str: 25    XL:     7   Next: 10%
Magic:  10/10      EV:  9    Int: 13    God:    Xom [..*...]
Gold:   181        SH:  0    Dex:  8    Spells: 9/10 levels left

rFire   + . .      SeeInvis .   i - +0 giant club
rCold   . . .      Faith    .   (shield currently unavailable)
rNeg    . . .      Spirit   .   b - +2 robe
rPois   .          Reflect  .   (helmet restricted)
rElec   .          Harm     .   (no cloak)
rCorr   .          Rampage  .   (gloves unavailable)
Will    .....                   (boots unavailable)
Stlth   +.........              (no amulet)
HPRegen 0.23/turn               g - ring of protection from fire
MPRegen 0.12/turn               h - +6 ring of strength

@: no status effects
A: large, unfitting armour, tough skin 1
a: Renounce Religion


You were on level 5 of the Dungeon.
You worshipped Xom.
You were a toy of Xom.
You visited 1 branch of the dungeon, and saw 4 of its levels.

You collected 181 gold pieces.

Inventory:

Hand Weapons
 a - a +0 mace of chaos
 i - a +0 giant club (weapon)
 o - the +6 hand axe of Keigixef {holy, Fly rC+ Will- Dex+7}
   (You took it off an orc on level 5 of the Dungeon)

   It has been blessed by the Shining One to cause great damage to the undead
   and demons.
   Dex:       It affects your dexterity (+7).
   rC:        It protects you from cold.
   Fly:       It grants you flight.
   Will:      It decreases your willpower.
Armour
 b - a +2 robe (worn)
Jewellery
 g - a ring of protection from fire (left hand)
 h - a +6 ring of strength (right hand)
Scrolls
 e - a scroll of fog
 l - a scroll of identify
 m - a scroll of enchant weapon {unknown}
Potions
 d - 4 potions of curing
 f - a potion of lignification
 j - a potion of magic
 k - a potion of heal wounds
 n - a potion of resistance {unknown}
Miscellaneous
 c - a piece from Xom's chessboard (11/15) (quivered)


   Skills:
 + Level 7.2 Fighting
 * Level 4.9 Maces & Flails
 - Level 2.1 Dodging
 - Level 2.0 Spellcasting
 + Level 1.9 Earth Magic


You had 9 spell levels left.
You knew the following spells:

 Your Spells              Type           Power      Damage    Failure   Level
a - Sandblast             Erth           12%        2d6       12%         1

Your spell library contained the following spells:

 Spells                   Type           Power      Damage    Failure   Level
 Passwall                 Tmut/Erth      2%         N/A       26%         2
 Stone Arrow              Conj/Erth      6%         3d7       45%         3


Dungeon Overview and Level Annotations

Branches:
Dungeon (3/15)

Altars:
Trog
Xom

Annotations:
D:3 1 transporter


Innate Abilities, Weirdness & Mutations

You are too large for most types of armour.
You have tough skin. (AC +1)


Message History

You hit the orc.
The orc is moderately wounded.
The orc hits you with the +6 hand axe of Keigixef {holy, Fly rC+ Will- Dex+7}!
The orc completely misses you.
You hit the orc.
You kill the orc!
Items here: ( ) [ ÷.
o - the +6 hand axe of Keigixef {holy, Fly rC+ Will- Dex+7} An orc comes into view.
It is wielding a +0 flail.
You are too injured to fight recklessly!
You are too injured to fight recklessly!
An orc wizard comes into view. It is wielding a +4 mace of protection.
The orc wizard shouts!
The orc shouts!
Things that are here:
3 boomerangs; a +0 leather armour; an adder skeleton The orc wizard points at you and mumbles some strange words.
You are confused.
You bump into the rock wall.
You bump into the rock wall.
You feel less confused.
The orc wizard gestures wildly while chanting.
The orc wizard flickers and vanishes!
Deactivating autopickup; reactivate with Ctrl-A.
You barely miss the orc. The orc barely misses you. x2
You closely miss the orc. The orc hits you with a +0 flail.
You barely miss the orc. The orc hits you with a +0 flail!
You closely miss the orc. The orc hits you but does no damage.
You barely miss something.
You hear some strange, mumbled words.
A magic dart appears from out of thin air!
The magic dart hits you.
* * * LOW HITPOINT WARNING * * *
You closely miss something. Something hits you!
* * * LOW HITPOINT WARNING * * *
You closely miss something. Something hits you!
* * * LOW HITPOINT WARNING * * *
Something hits you.
* * * LOW HITPOINT WARNING * * *
You miss something. Something hits you.
You die...

#.#.#.# .#.....#
#.#.#.#........#
#........###.#.#
###...##. ##.#.#
###.####.##..#.###
#......#.#.......#
#.#.##.#.......#.#
#.#.##.###..####.#
#@#....###..#.....
#{###.........##.#
#o####.###..####.#
########......#
#.....<<#
......÷....####
##...####
###.###(##.# #...#
#.# .# #...# #)#
.# ...# l ... .
...#


You could see an orc.

Vanquished Creatures
  Sigmund (D:2)
  An ogre (D:5)
  A hound (D:5)
  3 iguanas (D:5)
  An orc wizard (D:3)
  Robin (D:2)
  2 adders
  2 worms
  6 orcs
  3 endoplasms (D:1)
  3 giant cockroaches
  10 goblins
  6 hobgoblins
  2 quokkas
  3 ball pythons
  4 bats (D:2)
  2 frilled lizards (D:1)
  8 kobolds
  2 rats (D:1)
61 creatures vanquished.

Vanquished Creatures (collateral kills)
  An orc (D:3)
1 creature vanquished.

Grand Total: 62 creatures vanquished

Notes
Turn   | Place    | Note
-------+----------+-------------------------------------------
     0 | D:1      | zishaf the Ogre Chaos Knight began the quest for the Orb.
     0 | D:1      | Reached XP level 1. HP: 24/24 MP: 1/1
    22 | D:1      | XOM: divination: detect creatures
   302 | D:1      | XOM: divination: detect creatures
   379 | D:1      | Reached XP level 2. HP: 33/33 MP: 2/2
   503 | D:1      | XOM: 3-stop teleportation journey
   504 | D:1      | XOM: god gift: 62 gold pieces
   667 | D:1      | XOM: silly message
   669 | D:1      | XOM: cloud trail
   720 | D:1      | Found a faded altar of an unknown god.
   928 | D:2      | Reached XP level 3. HP: 41/41 MP: 3/3
   937 | D:2      | Noticed Sigmund
   946 | D:2      | Killed Sigmund
   947 | D:2      | Reached skill level 6 in Fighting
   947 | D:2      | Reached XP level 4. HP: 37/53 MP: 4/4
   947 | D:2      | Reached XP level 5. HP: 42/61 MP: 5/5
  1090 | D:2      | Learned a level 1 spell: Sandblast
  1239 | D:2      | Noticed Robin
  1284 | D:2      | Killed Robin
  1578 | D:3      | Found a transporter.
  1613 | D:3      | Reached XP level 6. HP: 68/68 MP: 7/7
  1626 | D:3      | Reached skill level 1 in Spellcasting
  1737 | D:2      | XOM: scenery: create altars
  1829 | D:3      | You fall into a shaft and drop 2 floors!
  1829 | D:5      | Entered Level 5 of the Dungeon
  1842 | D:5      | Reached skill level 1 in Earth Magic
  1983 | D:5      | Found a bloodstained altar of Trog.
  2238 | D:5      | XOM: cloud trail
  2325 | D:5      | XOM: divination: detect creatures
  2344 | D:5      | Reached skill level 7 in Fighting
  2344 | D:5      | Reached XP level 7. HP: 53/78 MP: 8/10
  2359 | D:5      | XOM: noise
  2633 | D:5      | Identified the +6 hand axe of Keigixef {holy, Fly rC+ Will-
                  | Dex+7}
  2666 | D:5      | HP: 3/78 [something (5)]
  2667 | D:5      | Slain by an orc wizard

Illustrated notes

Levels and vault maps discovered:
D:1:      dpeg_arrival_central, layout_basic,
          ebering_ecumenical_altar_sacrificial, minmay_misc_feat_encased
D:2:      layout_basic, uniq_sigmund, uniq_robin
D:3:      gammafunk_wand_slinger, layout_loops_cross,
          wander_ebering_terrifying_dragon_lair, uniq_ijyb
D:5:      layout_loops_cross, trog_antimagical, grunt_temple_overflow_open,
          serial_shops, nicolae_shop_waterfront, dk_noncrumbling_4

Skill      XL: |  1  2  3  4  5  6 |
---------------+-------------------+-----
Maces & Flails | 3 4 |  4.9
Fighting       | 6 7 |  7.2
Spellcasting   | 2 |  2.0
Earth Magic    | 1 |  1.9
Dodging        | |  2.1

Action                   |  1- 3 |  4- 6 |  7- 9 || total
-------------------------+-------+-------+-------++-------
Melee: Mace              |    45 |    78 |       ||   123
       Punch             |       |     2 |       ||     2
       Giant club        |       |    27 |    18 ||    45
 Cast: Sandblast         |       |     3 |    14 ||    17
Evoke: Piece from Xom's  |       |     6 |       ||     6
  Use: Scroll            |       |     6 |       ||     6
 Stab: Paralysed         |       |     1 |       ||     1
Armor: Robe              |    21 |    48 |     5 ||    74
Dodge: Dodged            |    22 |    63 |    15 ||   100

Table legend: (Time is in decaauts)
 A = Elapsed time spent in this place.
 B = Non-inter-level travel time spent in this place.
 C = Inter-level travel time spent in this place.
 D = Time resting spent in this place.
 E = Time spent auto-exploring this place.
 F = Levels seen in this place.
 G = Mean time per level.
                   A        B        C        D        E       F      G
               +--------+--------+--------+--------+--------+-----+--------+
         Total |   2724 |   2674 |     50 |     18 |   2176 |   4 |  681.0 |
       Dungeon |   2724 |   2674 |     50 |     18 |   2176 |   4 |  681.0 |
               +--------+--------+--------+--------+--------+-----+--------+

Top non-repeatable levels by time:
     D:1: 903 daAuts
     D:5: 870 daAuts
     D:2: 747 daAuts
     D:3: 203 daAuts
